 Dungeon Crawl Stone Soup version 0.16-a0-3354-g045d5c7 (webtiles) character file.

485 Herrn the Skirmisher (level 6, 0/49 HPs)
             Began as a Demonspawn Fighter on Dec 29, 2014.
             Succumbed to a water moccasin's poison
             ... on level 4 of the Dungeon.
             The game lasted 00:08:10 (3793 turns).

Herrn the Skirmisher (Demonspawn Fighter)           Turns: 3793, Time: 00:08:10

Health: 0/49       AC:  8    Str: 18    XL:     6   Next: 88%
Magic:  6/6        EV:  8    Int: 10    God:
Gold:   173        SH:  9    Dex: 12    Spells: 0 memorised, 5 levels left

rFire  + . .     SeeInvis .     a - +0 war axe
rCold  + . .     Clarity  .     u - +0 scale mail
rNeg   . . .     SustAb   .     c - +0 shield
rPois  +         Gourm    .     w - +0 helmet
rElec  +         Spirit   .     (no cloak)
rCorr  +         Warding  .     (no gloves)
rMut   .         Stasis   .     (no boots)
MR     .....                    (no amulet)
Stlth  +.........               (no ring)
                                (no ring)

@: lethally poisoned, resistant, very slightly contaminated, invisible, not
resistant to hostile enchantments, very unstealthy
A: talons 2, nightstalker 1
a: no special abilities


You were on level 4 of the Dungeon.
You were not hungry.

You visited 1 branch of the dungeon, and saw 4 of its levels.

You collected 173 gold pieces.

Inventory:

Hand weapons
 a - a +0 war axe (weapon)
Armour
 c - a +0 shield (worn)
 u - a +0 scale mail (worn)
 w - a +0 helmet (worn)
Scrolls
 b - a scroll of magic mapping
 f - a scroll of enchant armour {unknown}
 g - a scroll of fog
 h - 2 scrolls of enchant weapon {unknown}
 j - 2 scrolls of teleportation {unknown}
 k - a scroll of noise {unknown}
 l - a scroll of blinking {unknown}
 m - 2 scrolls of immolation
 n - a scroll of random uselessness {unknown}
 o - 3 scrolls of remove curse
 q - 2 scrolls of fear
 r - 2 scrolls of amnesia {unknown}
 x - a scroll of identify
Potions
 e - a potion of cure mutation
Comestibles
 d - 3 bread rations
 p - a royal jelly
 s - 3 fruits
 t - 2 meat rations


   Skills:
 * Level 4.6 Fighting
 * Level 3.9 Axes
 + Level 4.0 Armour
 + Level 2.0 Dodging
 + Level 3.6 Shields


You had 5 spell levels left.
You didn't know any spells.

Dungeon Overview and Level Annotations

Branches:
Dungeon (4/15)
 Temple: D:4-7

Altars:
Makhleb
Okawaru
Ru
The Shining One

Shops:
D:4 (


Innate Abilities, Weirdness & Mutations

You have razor-sharp toenails.
You are slightly more attuned to the shadows.


Message History

The water moccasin is heavily wounded.
* * * LOW HITPOINT WARNING * * *
You feel very sick.
You block the water moccasin's attack. x2
You catch the helpless water moccasin completely off-guard!
You slash the water moccasin! You claw the water moccasin.
The water moccasin is almost dead.
* * * LOW HITPOINT WARNING * * *
You feel very sick.
The water moccasin barely misses you. x2
You slash the water moccasin!
You kill the water moccasin!
Your Armour skill increases to level 4!
Your Dodging skill increases to level 2!
* * * LOW HITPOINT WARNING * * *
You feel sick.
* * * LOW HITPOINT WARNING * * *
You feel sick.
You see here a water moccasin corpse.
You die...

###############
#.............#
+........†@...# ...
#.............# .....
#.............#
......#.......####+##
......#.......#
......#.......##..
......#...........
......+...........
......#...........


There were no monsters in sight!

Vanquished Creatures
  A water moccasin (D:4)
  Sigmund (D:3)
  A hound (D:4)
  An orc priest (D:4)
  3 orc wizards (D:4)
  Terence (D:2)
  A gnoll (D:2)
  Robin (D:4)
  2 adders
  2 giant mites (D:2)
  4 worms (D:2)
  2 giant geckos
  4 oozes
  9 orcs
  A ball python (D:1)
  4 giant cockroaches
  10 hobgoblins
  2 quokkas (D:4)
  8 bats
  3 giant newts
  A giant spore (D:3)
  8 goblins
  8 kobolds
  12 rats
  5 ballistomycetes (D:3)
95 creatures vanquished.

Notes
Turn   | Place    | Note
--------------------------------------------------------------
     0 | D:1      | Herrn, the Demonspawn Fighter, began the quest for the Orb.
     0 | D:1      | Reached XP level 1. HP: 18/18 MP: 1/1
   340 | D:1      | Gained mutation: You are slightly more attuned to the shadows. [demonic ancestry]
   340 | D:1      | Reached XP level 2. HP: 21/24 MP: 2/2
   717 | D:2      | Reached XP level 3. HP: 29/29 MP: 3/3
  1156 | D:2      | Reached skill level 1 in Dodging
  1250 | D:2      | Gained mutation: You have sharp toenails. [demonic ancestry]
  1250 | D:2      | Reached XP level 4. HP: 35/35 MP: 4/4
  1278 | D:2      | Found an iron altar of Okawaru.
  1300 | D:2      | Found a glowing golden altar of the Shining One.
  1652 | D:2      | Noticed Terence
  1664 | D:2      | Killed Terence
  2036 | D:3      | Noticed Sigmund
  2046 | D:3      | Killed Sigmund
  2046 | D:3      | Reached skill level 4 in Fighting
  2046 | D:3      | Gained mutation: You have razor-sharp toenails. [demonic ancestry]
  2046 | D:3      | Reached XP level 5. HP: 30/42 MP: 5/5
  2197 | D:3      | Found a sacrificial altar of Ru.
  2846 | D:4      | Noticed Robin
  2859 | D:4      | Killed Robin
  2981 | D:4      | Found Guguub's Weapon Shoppe.
  3001 | D:4      | Reached XP level 6. HP: 34/48 MP: 6/6
  3329 | D:4      | Found a burning altar of Makhleb.
  3776 | D:4      | Noticed a water moccasin
  3791 | D:4      | Killed a water moccasin
  3791 | D:4      | HP: 2/49 [poisoned by a water moccasin]
  3793 | D:4      | Succumbed to a water moccasin's poison

Action                   |  1- 3 |  4- 6 || total
-------------------------+-------+-------++-------
Melee: War axe           |   101 |   216 ||   317
  Use: Potion            |       |     3 ||     3
       Scroll            |       |     6 ||     6
 Stab: Invisible         |       |     2 ||     2
  Eat: Chunk             |     1 |     9 ||    10
